 Dungeon Crawl Stone Soup version 0.29.1-15-g9cfb28693d (webtiles) character file.

Game seed: 5579187232665292340

1584 hawla the Carver (level 9, -5/62 HPs)
             Began as a Meteoran Ice Elementalist on Apr 13, 2023.
             Was a Follower of Vehumet.
             Slain by a gnoll bouda
             ... wielding a +0 spear
              (6 damage)
             ... in a bailey.
             The game lasted 00:10:02 (2064 turns).

hawla the Carver (Meteoran Ice Elementalist)        Turns: 2064, Time: 00:10:04

Health: -5/62      AC:  3    Str: 11    XL:     9   Next: 36%
Magic:  2/25       EV: 13    Int: 22    God:    Vehumet [*.....]
Gold:   58         SH:  0    Dex: 15    Spells: 8/16 levels left

rFire   + . .      SeeInvis .   j - +1 long sword (protect)
rCold   . . .      Faith    .   (no shield)
rNeg    . . .      Spirit   .   p - +1 robe of Vasenomm {Str+2}
rPois   .          Reflect  .   (no helmet)
rElec   .          Harm     .   (no cloak)
rCorr   .          Rampage  .   (no gloves)
Will    +....                   (no boots)
Stlth   +.........              (no amulet)
HPRegen 0.20/turn               c - ring of magical power
MPRegen 0.19/turn               d - ring of protection from fire

@: weakened, hasted, glowing, very quick
A: sense surroundings 2, otherworldly, glowing, explore regen
a: Renounce Religion


You were in a bailey.
You worshipped Vehumet.
Vehumet was aware of your devotion.
You visited 2 branches of the dungeon, and saw 8 of its levels.
You also visited: Ossuary and Bailey.

You collected 177 gold pieces.
You spent 119 gold pieces at shops.

Inventory:

Hand Weapons
 j - a +1 long sword of protection (weapon)
Armour
 p - the +1 robe of Vasenomm (worn) {Str+2}
   (You bought it in a shop on level 4 of the Dungeon)

   Str:       It affects your strength (+2).
Jewellery
 c - a ring of magical power (left hand)
 d - a ring of protection from fire (right hand)
Wands
 a - a wand of charming (4)
 h - a wand of flame (9) (quivered)
Potions
 f - a potion of haste
 g - 2 potions of curing
 k - 3 potions of might {unknown}
 l - a potion of cancellation {unknown}
 n - a potion of heal wounds {unknown}


   Skills:
 - Level 0.1 Fighting
 + Level 8.5 Long Blades
 - Level 2.7 Dodging
 - Level 1.4 Stealth
 - Level 4.0 Spellcasting
 - Level 6.5 Conjurations
 - Level 6.5 Ice Magic
 - Level 3.0 Evocations


You had 8 spell levels left.
You knew the following spells:

 Your Spells              Type           Power      Damage    Failure   Level
a - Freeze                Ice            100%       1d11      1%          1
b - Frozen Ramparts       Ice            66%        1d10      2%          3
c - Hailstorm             Conj/Ice       33%        3d8       8%          4

Your spell library contained the following spells:

 Spells                   Type           Power      Damage    Failure   Level
 Foxfire                  Conj/Fire      72%        2x1d7     3%          1
 Ozocubu's Armour         Ice            33%        N/A       2%          3
 Beastly Appendage        Tmut           8%         N/A       11%         1
 Wereblood                Tmut           4%         N/A       17%         2
 Spider Form              Tmut/Pois      4%         N/A       32%         3


Dungeon Overview and Level Annotations

Branches:
Dungeon (7/15) Zot: 2496   Temple (1/1) D:4 Zot: 447 Ossuary (visited)
 Bailey (1/1) Zot: 495

Altars:
Cheibriados
Dithmenos
Elyvilon
Fedhas
Kikubaaqudgha
Makhleb
Nemelex Xobeh
Ru
Sif Muna
Trog
Uskayaw
Vehumet
Wu Jian
Xom
Yredelemnul
Zin
The Shining One

Shops:
D:4 [   D:7 (


Innate Abilities, Weirdness & Mutations

You passively map the area around you.
You are easily found by Zot.
You glow in the dark.
You regain HP and MP as you explore.


Message History

Unknown command.
The gnoll bouda gazes fiercely through you!
You feel as though you will be weak longer.
A gnoll sergeant comes into view. It is wielding a +0 glaive.
The gnoll sergeant shouts!
The frozen ramparts melt away.
The gnoll bouda barks out a call to the hunt!
A gnoll bouda comes into view. It is wielding a +0 spear.
It was a potion of curing.
You feel better.
The gnoll bouda shouts!
You hear a howl!
The gnoll bouda barks out a call to the hunt!
The gnoll bouda picks up the pace!
Casting: Hailstorm (dangerous; 8% risk of failure)
Confirm with . or Enter, or press ? or * to list all spells.
Casting: Hailstorm (dangerous; 8% risk of failure)
Press: ? - help, Dir - look around, f - activate A cannonade of hail descends around you!
The hail pelts the gnoll bouda!
You kill the gnoll bouda!
Vehumet accepts your kill.
You feel your power returning.
The hail pelts the gnoll sergeant!
The gnoll sergeant is heavily wounded.
A wolf comes into view.
Unknown command.
It was a potion of haste.
You feel yourself speed up.
The gnoll sergeant hits you from afar with a +0 glaive.
You struggle against the net.
The gnoll sergeant hits you from afar with a +0 glaive!
You struggle against the net.
The gnoll sergeant hits you from afar with a +0 glaive!!
* * * LOW HITPOINT WARNING * * *
You struggle against the net.
You shred the net and break free!
Your attacks no longer feel as feeble.
The gnoll sergeant hits you from afar with a +0 glaive!
* * * LOW HITPOINT WARNING * * *
The gnoll bouda gazes fiercely through you!
You feel your attacks grow feeble.
The gnoll bouda hits you from afar with a +0 spear.
You die...

, ##..)).##,,,* *
*, #.......# ~ ~#
#...8...#+### *~#.
#.......#...#~ #..
##.....##...#
#...,##...##....# *
#8...,##'##.)..8# ♣
*
#....g#)).#.....#≈♣
~
#..)g'@..'.)..##≈♣
##...#...#.).##.≈♣
#####...#####..≈♣ ,
...............≈♣
,..............≈≈♣
≈≈≈≈≈≈≈≈≈≈≈≈≈≈≈≈♣♣
♣♣♣♣♣♣♣♣♣♣♣♣♣♣♣♣♣


You could see a gnoll sergeant (swift) and a gnoll bouda (swift).

Vanquished Creatures
  Sigmund (D:2)
  A water moccasin (D:7)
  A sky beast (D:7)
  An ogre (D:5)
  A phantom (D:5)
  4 gnoll sergeants (Bailey)
  A necrophage (D:4)
  A howler monkey (D:4)
  3 centaur zombies (Ossuary)
  A jelly (D:5)
  2 orc priests (D:4)
  5 gnoll boudas
  2 hounds (Bailey)
  Jessica (D:2)
  An iguana (D:4)
  5 mummies (Ossuary)
  12 gnolls
  5 adders
  An ufetubus (D:4)
  A dart slug (D:4)
  8 orcs
  4 bats
  2 endoplasms
  A giant cockroach (D:4)
  6 goblins
  5 hobgoblins
  3 jackals (D:2)
  2 quokkas
  A ball python (D:1)
  A frilled lizard (D:2)
  3 hobgoblin zombies (Ossuary)
  2 rats
88 creatures vanquished.

Notes
Turn   | Place    | Note
-------+----------+-------------------------------------------
     0 | D:1      | hawla the Meteoran Ice Elementalist began the quest for the
                  | Orb.
     0 | D:1      | Reached XP level 1. HP: 14/14 MP: 5/5
    64 | D:1      | Reached XP level 2. HP: 9/20 MP: 1/6
   170 | D:2      | Noticed Sigmund
   170 | D:2      | Found Mifog's Assorted Antiques.
   245 | D:2      | Killed Sigmund
   246 | D:2      | Reached XP level 3. HP: 4/26 MP: 1/9
   246 | D:2      | Reached XP level 4. HP: 5/33 MP: 1/11
   246 | D:2      | Reached XP level 5. HP: 6/38 MP: 1/12
   246 | D:2      | Reached XP level 6. HP: 7/45 MP: 1/13
   250 | D:2      | Learned a level 3 spell: Frozen Ramparts
   256 | D:2      | Learned a level 4 spell: Hailstorm
   351 | D:2      | Noticed Jessica
   358 | D:2      | Killed Jessica
   359 | D:2      | Reached skill level 1 in Conjurations
   532 | D:4      | Reached XP level 7. HP: 50/50 MP: 14/14
   543 | D:4      | Found an ancient bone altar of Kikubaaqudgha.
   733 | D:4      | Reached skill level 5 in Conjurations
   892 | D:4      | Found a sand-covered staircase.
   893 | D:4      | Found Vuat's Antique Armour Shoppe.
   907 | Ossuary  | Entered an ossuary
   914 | Ossuary  | Reached skill level 1 in Long Blades
   936 | Ossuary  | Reached skill level 2 in Long Blades
   954 | Ossuary  | Reached XP level 8. HP: 31/57 MP: 15/15
   972 | Ossuary  | Reached skill level 3 in Long Blades
  1134 | D:4      | Found a staircase to the Ecumenical Temple.
  1347 | D:5      | Entered Level 5 of the Dungeon
  1366 | D:5      | Reached skill level 4 in Long Blades
  1431 | D:4      | Bought a steaming robe for 119 gold pieces
  1431 | D:4      | Identified the +1 robe of Vasenomm {Str+2} (You bought it
                  | in a shop on level 4 of the Dungeon)
  1582 | Temple   | Entered the Ecumenical Temple
  1705 | Temple   | Became a worshipper of Vehumet
  1851 | D:5      | Reached skill level 5 in Long Blades
  1893 | D:7      | Found Igiyjocu's Antique Weapon Emporium.
  1943 | D:7      | Reached skill level 6 in Long Blades
  1949 | D:7      | Found a flagged portal.
  1959 | Bailey   | Entered a bailey
  1968 | Bailey   | Reached skill level 1 in Evocations
  1996 | Bailey   | Gained mutation: You passively map the area around you.
                  | [Meteoran growth]
  1996 | Bailey   | Reached XP level 9. HP: 49/62 MP: 11/16
  1997 | Bailey   | Reached skill level 7 in Long Blades
  1997 | Bailey   | Reached * piety under Vehumet
  1997 | Bailey   | Offered knowledge of Foxfire by Vehumet.
  2027 | Bailey   | Reached skill level 8 in Long Blades
  2064 | Bailey   | HP: 1/62 [gnoll sergeant/+0 glaive (15)]
  2064 | Bailey   | Slain by a gnoll bouda

Illustrated notes

Levels and vault maps discovered:
D:1:      giann_wishing_wells, layout_basic
D:2:      layout_basic, serial_shops, nicolae_shop_crystal, minmay_surrounded,
          uniq_sigmund, uniq_jessica
D:3:      layout_loops_cross, dilly_ecumenical_altar_fadedgnrine, uniq_ijyb
D:4:      layout_loops_corners, mainiacjoe_overflow_tiny_flanked,
          minmay_temple_entry_purple_smoke, enter_ossuary_1, serial_shops,
          nicolae_diamond_shop
D:5:      layout_basic, lemuel_tele_altar, minmay_misc_feat_rugged,
          corexii_hall_statues_x
D:6:      layout_basic, mainiacjoe_overflow_surrounded_room,
          gammafunk_ghost_cemetery, minmay_crystal_water, st_stairs_11,
          minivault_4, grunt_potential
D:7:      layout_basic, old_standard_altar, enter_bailey_6, serial_shops,
          nicolae_inconvenience_store
Temple:   kb_temple_of_zot
Bailey:   bailey_polearm_gnolls_kennysheep, bailey

Skill      XL: |  1  2  3  4  5  6  7  8  9 |
---------------+----------------------------+-----
Spellcasting   | 4 |  4.0
Ice Magic      | 6 |  6.5
Conjurations   | 3 6 |  6.5
Long Blades    | 2 6 8 |  8.5
Evocations     | 1 3 |  3.0
Fighting       | |  0.1
Dodging        | |  2.7
Stealth        | |  1.4

Action                   |  1- 3 |  4- 6 |  7- 9 || total
-------------------------+-------+-------+-------++-------
Melee: Unarmed           |     9 |     4 |     2 ||    15
       Long sword        |       |       |    48 ||    48
       Punch             |       |       |     1 ||     1
 Cast: Freeze            |    16 |     8 |    30 ||    54
       Frozen Ramparts   |       |    11 |    18 ||    29
       Hailstorm         |       |       |    26 ||    26
  Use: Scroll            |     2 |       |     7 ||     9
       Potion            |       |       |     3 ||     3
Armor: Robe              |     3 |     4 |    59 ||    66
Dodge: Dodged            |     6 |     9 |    63 ||    78
